AoeStats
← Oldspice

Pilgrims

509774044Analyzed
2v2 RM · 4d ago on Sep 28, 2026· 46m 46s· 4 players
Game mode
Random Map
Map size
Medium (4 player)
Population
200
Speed
Normal
Resources
Standard
Victory
Conquest
Starting age
Dark Age
Ending age
Imperial Age
RankedLock teamsTeams togetherTeam positionsShared explorationLock speedFull tech treeHidden civsTurbo modeCheats
Victory
Defeat
🇲🇽 Spanish · Mexico
1668
+13
🇲🇽 Dravidians · Mexico
1571
+16
🇨🇦 Armenians · Canada
1633
-16
🇺🇸 Berbers · United States
1554
-13
Oldspice
7:22 Loom
10:18 Feudal Age
15:28 Castle Age
15:27 Double-Bit Axe
16:30 Fletching
21:34 Bodkin Arrow
23:29 Ballistics
25:29 Husbandry
28:07 Bloodlines
30:49 Horse Collar
34:18 Scale Barding Armor
34:24 Forging
37:05 Wheelbarrow
37:13 Chain Barding Armor
41:02 Imperial Age
40:07 Iron Casting
41:06 Cavalier
42:23 Plate Barding Armor
43:19 Light Cavalry
45:42 Plate Barding Armor
IVIUSTANG
9:07 Loom
11:37 Feudal Age
12:14 Double-Bit Axe
14:23 Fletching
19:10 Castle Age
17:38 Stone Mining
19:37 Gold Mining
20:02 Bodkin Arrow
20:26 Medium Warships
20:29 Bow Saw
20:04 Horse Collar
26:10 Padded Archer Armor
31:42 Leather Archer Armor
33:00 Wheelbarrow
32:11 Town Watch
39:35 Imperial Age
39:44 Masonry
39:56 Ballistics
39:48 Masonry
40:49 Conscription
40:55 Bracer
42:07 Hoardings
42:44 Chemistry
43:24 Ring Archer Armor
EL MAYA
8:24 Feudal Age
17:24 Double-Bit Axe
20:02 Castle Age
21:15 Medium Warships
21:56 Wheelbarrow
21:06 Loom
24:08 Hand Cart
24:54 Horse Collar
26:55 Bow Saw
26:34 Town Watch
29:28 Fletching
29:39 Padded Archer Armor
30:33 Bodkin Arrow
31:04 Ballistics
32:37 Heavy Plow
38:51 Imperial Age
36:55 Leather Archer Armor
36:51 Thumb Ring
37:31 Husbandry
38:23 Gold Mining
39:32 Bracer
40:38 Chemistry
39:02 Elite Elephant Archer
40:57 Ring Archer Armor
40:51 Stone Mining
loco_angel
2:57 Loom
11:16 Feudal Age
12:32 Stone Mining
14:43 Castle Age
13:24 Double-Bit Axe
17:39 Gold Mining
19:38 Padded Archer Armor
21:44 Leather Archer Armor
23:17 Husbandry
26:38 Imperial Age
25:52 Bow Saw
25:22 Elite Skirmisher
26:04 Fletching
27:06 Wheelbarrow
27:04 Bodkin Arrow
28:53 Ballistics
29:23 Bracer
30:34 Conscription
30:10 Town Watch
30:46 Horse Collar
32:26 Bloodlines
36:01 Ring Archer Armor
35:08 Cavalier
36:26 Forging
36:55 Scale Barding Armor
39:22 Iron Casting
43:29 Pikeman
44:10 Squires
43:56 Arson
46:45 Scale Mail Armor
47:45 Blast Furnace
Connection lost

Rejoining the realm…

Still unreachable

The connection could not be restored.

Session expired

The server has moved on; the page needs a fresh start.